Unix NetHack Version 5.0.0-0 post-release - last build May 31 2026 23:59:36 (970b52f25bf058293b47ddfd14a1e40e571c508c,branch:main).

Game began 2026-06-05 12:58:55, ended 2026-06-05 13:25:41.

Drastanta, lawful male human Knight

       ----------  ------
       |........----.....-----     # .---                         ----
       +..{...|......--...|..- #*#0....%.--                 -------..--
       |.....---------....|...--......*....--               |.........-----
       --|--.|        ........|.............---------.--+--  -............
           |.|         ..|...-|... ...G...|%....%.........----....{.....--
           |.|            .......  .......|-..-----|---.-)...%..........+
     -------.|             -.....  .|....-|...    |..|  ---..|.........--
    --.......|          ..|..       |.... -..|    |..|  --...|-...---.--
    |...------         -....--..-...|..   ..--    ----  -..%.------ -+-
    |...|              .........)......                |....)...|
    --..|              ...{....@.....*#                 --....).--
    --..--+--------..| ........@........*#              ......|..|
    |................--........%....|...##               |....|..---
    -+--...........-......+--- # #|.....##                --..|....|.----
       ---..-.-......-......---#0 |.....#0    .               |....)....|--
         |.-|.......#  -........# .-....0            ----     ----.....-|.--
         -.--|-....     #.....>|*    0               |..|---------.|....|..--
         ..  .....|      ---                         |..--.........|---.....|
        -----------                                  --.......------  ---..<|
                                                      ---------         -----
Drastanta the Bachelor   St:17 Dx:10 Co:12 In:9 Wi:15 Ch:17  Lawful
Dlvl:7  $:145 HP:0(44) Pw:45(45) AC:5  Xp:6 T:4227  Burdened

Latest messages:
 You destroy the dwarf zombie!
 The saddled pony hits the dwarf.
 The saddled pony bites the dwarf.
 The dwarf swings his pick-axe at the saddled pony.
 The dwarf hits the saddled pony.
 You hear some noises.
 The saddled pony hits the dwarf.
 The dwarf is killed!
 You swap places with your saddled pony.
 You swap places with your saddled pony.
 You have a little trouble lifting V - a pair of iron shoes.
 W - a dwarvish cloak.
 X - a pick-axe.
 You swap places with your saddled pony.
 You hear crashing rock.
 You swap places with your saddled pony.
 You try to move the boulder, but in vain.
 You hear a chugging sound.
 You try to move the boulder, but in vain.
 You try to move the boulder, but in vain.
 You swap places with your saddled pony.
 With great effort you move the boulder.
 You try to move the boulder, but in vain.
 You swap places with your saddled pony.
 The saddled pony picks up a rock.
 You see here 7 rocks.
 The saddled pony picks up a rock.
 You are hit by an elven dagger.
 It is missed.
 You are hit by an elven arrow.
 It is hit!
 The Woodland-elf swings her elven broadsword.
 The Woodland-elf hits!
 You miss the Woodland-elf.
 The Woodland-elf swings her elven broadsword.
 The Woodland-elf hits!
 You drop a rusty helmet.
 You drop a pair of iron shoes.
 You drop a pair of iron shoes.
 You drop a pair of low boots.
 You drop a scroll labeled FNORD.
 You drop a scroll labeled VENZAR BORGAVVE.
 You drop a scroll labeled XIXAXA XOXAXA XUXAXA.
 The Woodland-elf swings her elven broadsword.
 The Woodland-elf hits!
 The Woodland-elf swings her elven broadsword.
 The Woodland-elf hits!
 You die...
 Do you want your possessions identified? [ynq] (y) y
 Do you want to see your attributes? [ynq] (y) q

Inventory:
 Coins    ('$')
  $ - 145 gold pieces
 Amulets  ('"')
  N - an uncursed amulet versus poison
 Weapons  (')')
  a - a +1 long sword (weapon in right hand)
 Armor    ('[')
  d - an uncursed +0 helmet (being worn)
  f - an uncursed +0 pair of leather gloves (being worn)
  e - an uncursed +0 small shield (being worn)
  R - an uncursed +0 cloak of protection
  P - an uncursed +0 dwarvish cloak
  W - an uncursed +0 dwarvish cloak
  c - an uncursed very rusty +1 ring mail (being worn)
 Comestibles  ('%')
  g - 8 uncursed apples
  h - 11 uncursed carrots
  l - 2 uncursed food rations
  v - a cursed food ration
  J - an uncursed melon
  j - 2 uncursed tripe rations
 Potions  ('!')
  w - an uncursed potion of blindness
  q - 2 blessed potions of healing
  k - a cursed potion of invisibility
  F - an uncursed potion of restore ability
  u - an uncursed potion of water
 Rings    ('=')
  p - a cursed ring of teleportation
 Wands    ('/')
  i - a wand of cancellation (0:6)
  x - a wand of magic missile (0:3)
  M - a wand of stasis (0:5)
 Tools    ('(')
  t - an uncursed sack containing 1 item
  B - a magic flute (0:8)
  U - a crystal ball (0:6)
  n - an uncursed oil lamp
  X - a +0 pick-axe
  S - an uncursed tallow candle
  y - an uncursed towel

Contents of the sack:
  72 gold pieces

Drastanta the Knight's attributes:

Background:
 You were a Bachelor, a level 6 male human Knight.
 You were lawful, on a mission for Lugh
 who was opposed by Brigit (neutral) and Manannan Mac Lir (chaotic).
 You were right-handed.
 You were in the Gnomish Mines, on level 7.
 You entered the dungeon 4227 turns ago.
 You had 601 experience points, 39 more were needed to attain level 7.

Basics:
 You had 0 out of 44 hit points.
 You had all 45 energy points (spell power).
 Your armor class was 5.
 Your wallet contained 145 zorkmids, and
 you had 72 more stashed away in your pack.
 Autopickup was on for '$' plus thrown.

Final Characteristics:
 Your strength was 17 (limit:18/100).
 Your dexterity was 10 (limit:18).
 Your constitution was 12 (limit:18).
 Your intelligence was 9 (limit:18).
 Your wisdom was 15 (limit:18).
 Your charisma was 17 (limit:18).

Final Status:
 You weren't hungry.
 You were burdened; movement was slightly slowed.
 You were wielding a long sword.
 You had basic skill with long sword and could have enhanced that.

Final Attributes:
 You were piously aligned.
 You were telepathic.
 You could jump.
 You were warded.
 Your spell casting was impaired by metallic armor.
 You are dead.

Miscellaneous:
 You didn't encounter any bones levels.
 Total elapsed playing time was 26 minutes and 45 seconds.

Major events:
 Turn
    1: Drastanta the lawful male human Knight entered the dungeon
  744: entered the Gnomish Mines
  889: attained the rank of Esquire (level 3)
 2483: attained the rank of Bachelor (level 6)
 3755: reached Mine Town
 4227: killed by a Woodland-elf

Spells:
 Name                 Level Category     Fail Retention
 healing                1   healing      100%  76%-100%

Skills:
 Fighting Skills
   bare handed combat [Unskilled]
   two weapon combat  [Unskilled]
   riding             [Basic]
 Weapon Skills
   dagger             [Unskilled]
   knife              [Unskilled]
   axe                [Unskilled]
   pick-axe           [Unskilled]
   short sword        [Unskilled]
   broadsword         [Unskilled]
   long sword         [Basic]
   two-handed sword   [Unskilled]
   saber              [Unskilled]
   club               [Unskilled]
   mace               [Unskilled]
   morning star       [Unskilled]
   flail              [Unskilled]
   hammer             [Unskilled]
   polearms           [Unskilled]
   spear              [Unskilled]
   trident            [Unskilled]
   lance              [Basic]
   bow                [Unskilled]
   crossbow           [Unskilled]
 Spellcasting Skills
   attack spells      [Unskilled]
   healing spells     [Unskilled]
   clerical spells    [Unskilled]

Voluntary challenges:
 Character rerolling was not enabled.
 You never genocided any monsters.
 You never polymorphed an object.
 You never changed form.
 You used no wishes.
Achievements:
 You entered the Gnomish Mines.
 You attained the rank of Esquire.
 You attained the rank of Bachelor.
 You entered Minetown.

 The Dungeons of Doom: levels 1 to 4
    Level 1:
       A fountain.
    Level 2:
       Some fountains.
    Level 3:
       Stairs down to The Gnomish Mines.
    Level 4:
 The Gnomish Mines: levels 4 to 7
    Level 4:
    Level 5:
    Level 6:
    Level 7: <- You were here.
       Many fountains.
       Final resting place for
          you, killed by a Woodland-elf.


Vanquished creatures:
  a leprechaun
  a gnome ruler
  a lizard
  a jaguar
  a pony
  a fog cloud
  a yellow light
  7 gnome leaders
  a gnomish wizard
  a kobold mummy
  a gray ooze
  a straw golem
  a giant ant
  a floating eye
  2 dwarves
  a rothe
  2 giant bats
  a dwarf zombie
  2 iguanas
  3 acid blobs
  a gas spore
  2 hobbits
  2 giant rats
  a green mold
 33 gnomes
  5 garter snakes
  2 gnome zombies
  a gecko
  7 jackals
  4 foxes
  a kobold
  6 sewer rats
  4 grid bugs
  3 bats
  5 lichens
  5 newts
113 creatures vanquished.

No species were genocided or became extinct.

Game over:
                       ----------
                      /          \
                     /    REST    \
                    /      IN      \
                   /     PEACE      \
                  /                  \
                  |    Drastanta     |
                  |      217 Au      |
                  |   killed by a    |
                  |   Woodland-elf   |
                  |                  |
                  |                  |
                  |       2026       |
                 *|     *  *  *      | *
        _________)/\\_//(\/(/\)/\//\/|_)_______

Fare thee well Drastanta the Knight...

You died in The Gnomish Mines on dungeon level 7 with 2900 points,
and 217 pieces of gold, after 4227 moves.
You were level 6 with a maximum of 44 hit points when you died.

